 Dungeon Crawl Stone Soup version 0.31.0-32-g396128a36d (webtiles) character file.

Game seed: 12838446447052239658

117066 Egg the Scorcher (level 16, -1/95 HPs)
             Began as an Octopode Alchemist on Mar 22, 2024.
             Was an Initiate of Gozag.
             Incinerated by a sun moth (18 damage)
             ... with a flurry of pyrophoric scales
             ... on level 2 of the Spider Nest.
             The game lasted 01:44:53 (29844 turns).

Egg the Scorcher (Octopode Alchemist)              Turns: 29844, Time: 01:44:54

Health: -1/95      AC: 33    Str:  8    XL:     16   Next: 73%
Magic:  29/34      EV: 17    Int: 36    God:    Gozag
Gold:   4082       SH:  5    Dex: 13    Spells: 7/43 levels left

rFire   . . .        g - +8 trident of the Octopus King {venom, rElec rPois}
rCold   + . .        (no shield)
rNeg    + . .        z - +2 hat
rPois   ∞            M - amulet of reflection
rElec   +            h - +5 ring of evasion
rCorr   .            q - +4 ring of protection
SInv    +            y - +4 ring of protection
Will    ++...        T - ring of willpower
Stlth   ++           b - +6 ring of intelligence
HPRegen 1.15/turn    D - ring of see invisible
MPRegen 0.24/turn    n - +6 ring of intelligence
                     O - ring of protection from cold

%: reflection
@: on fire, statue-form, gold aura, slightly contaminated, glowing, very slow
A: slow and powerful, torment resistance 1, reduced hp, almost no armour,
amphibious, 8 rings, camouflage 1, (gelatinous body 1), (nimble swimmer 1),
tentacles, poison resistance, regeneration 1
a: Begin Untransformation, Renounce Religion, Potion Petition, Call Merchant,
Bribe Branch


You were on level 2 of the Spider Nest.
You worshipped Gozag.
Gozag was most pleased with you.
You were a living statue of rough stone.
You visited 5 branches of the dungeon, and saw 23 of its levels.
You also visited: Ice Cave.

You collected 7537 gold pieces.
You spent 1108 gold pieces at shops.
You paid 2347 gold pieces to Gozag.

Inventory:

Hand Weapons
 g - the +8 trident of the Octopus King (weapon) {venom, rElec rPois}
   (You found it on level 10 of the Dungeon)

   rElec:     It insulates you from electricity.
   rPois:     It protects you from poison
 I - the +7 long sword "Sufabes" {holy, Fly rElec}
   (You bought it in a shop on level 2 of the Orcish Mines)

   rElec:     It insulates you from electricity.
   Fly:       It grants you flight.
Armour
 z - a +2 hat (worn)
 P - a +2 kite shield of cold resistance
 Q - a +0 tower shield of cold resistance
Jewellery
 b - a +6 ring of intelligence (on tentacle)
 h - a +5 ring of evasion (left tentacle)
 n - a +6 ring of intelligence (on tentacle)
 q - a +4 ring of protection (right tentacle)
 v - a ring of flight
 y - a +4 ring of protection (on tentacle)
 B - a ring of magical power
 C - a ring of positive energy
 D - a ring of see invisible (on tentacle)
 F - a ring of ice
 M - an amulet of reflection (around mantle)
 O - a ring of protection from cold (on tentacle)
 R - a ring of positive energy
 T - a ring of willpower (on tentacle)
Talismans
 W - a granite talisman (active)
Wands
 i - a wand of light (4)
 A - a wand of flame (21)
 H - a wand of paralysis (18)
 V - a wand of digging (5)
 Y - a wand of mindburst (10)
Scrolls
 c - a scroll of blinking {unknown}
 e - 3 scrolls of fear
 k - 3 scrolls of poison
 l - 2 scrolls of vulnerability
 m - 2 scrolls of silence
 p - 9 scrolls of teleportation
 t - 3 scrolls of enchant weapon {unknown}
 x - 5 scrolls of revelation
 E - 3 scrolls of fog
 G - 5 scrolls of amnesia {unknown}
 J - a scroll of immolation {unknown}
 N - 4 scrolls of enchant armour
Potions
 a - a potion of magic
 d - 2 potions of enlightenment
 f - a potion of might
 o - 2 potions of attraction
 r - 6 potions of mutation
 w - 2 potions of lignification
 K - 2 potions of invisibility
 L - 2 potions of curing
 S - 2 potions of brilliance
 U - a potion of resistance
 X - 2 potions of berserk rage
Miscellaneous
 u - a phantom mirror
 Z - a phial of floods


   Skills:
 - Level 9.0 Fighting
 - Level 7.0 Polearms
 - Level 2.0 Dodging
 - Level 2.6 Stealth
 - Level 14.0 Spellcasting
 - Level 8.0 Conjurations
 - Level 16.0 Fire Magic
 - Level 2.0 Air Magic
 - Level 8.0 Alchemy
 * Level 12.8 Shapeshifting


You had 7 spell levels left.
You knew the following spells:

 Your Spells              Type           Power      Damage    Failure   Level
a - Sting                 Conj/Alch      100%       1d9       1%          1
b - Olgreb's Toxic Radia  Alch           70%        N/A       1%          4
c - Sticky Flame          Fire/Alch      84%        2d13      1%          4
d - Airstrike             Air            19%        2d(3-19)  7%          4
e - Irradiate             Conj/Alch      35%        3d23      1%          5
f - Ignition              Fire           48%        3d14      14%         8
g - Eringya's Noxious Bo  Alch           35%        4d6       9%          6
h - Fulminant Prism       Conj/Alch      35%        3d17      1%          4

Your spell library contained the following spells:

 Spells                   Type           Power      Damage    Failure   Level
 Kiss of Death            Conj/Necr      100%       2d13      1%          1
 Summon Small Mammal      Summ           100%       N/A       1%          1
 Mercury Vapours          Alch/Air       100%       N/A       1%          2
 Momentum Strike          Conj/Tloc      100%       3d10      1%          2
 Static Discharge         Conj/Air       100%       3-8/arc   1%          2
 Inner Flame              Hex/Fire       70%        N/A       1%          3
 Mephitic Cloud           Conj/Alch/Air  62%        N/A       1%          3
 Summon Blazeheart Golem  Fire/Summ      70%        N/A       1%          4
 Blink                    Tloc           50%        N/A       2%          2
 Lesser Beckoning         Tloc           50%        N/A       2%          2
 Brom's Barrelling Bould  Conj/Erth      52%        2d7       3%          4
 Call Canine Familiar     Summ           25%        N/A       4%          3
 Confusing Touch          Hex            25%        N/A       4%          3
 Gell's Gravitas          Tloc           25%        N/A       4%          3
 Teleport Other           Tloc           25%        N/A       4%          3
 Yara's Violent Unravell  Hex/Alch       26%        3d11      9%          5
 Summon Lightning Spire   Summ/Air       32%        N/A       10%         4
 Dispel Undead            Necr           25%        3d12      16%         4
 Summon Forest            Summ/Tloc      12%        N/A       38%         5
 Sculpt Simulacrum        Ice/Alch       26%        N/A       41%         6
 Summon Hydra             Summ           12%        N/A       100%        7


Dungeon Overview and Level Annotations

Branches:
Dungeon (13/15)            Temple (1/1) D:7            Lair (5/5) D:10
  Swamp (0/4) Lair:2       Spider (2/4) Lair:3        Slime (0/5) Lair:4
    Orc (2/2) D:9             Elf (0/3) Orc:2         IceCv (visited)
 Vaults: D:13-14

Altars:
Ashenzari
Cheibriados
Dithmenos
Elyvilon
Fedhas
Gozag
Hepliaklqana
Kikubaaqudgha
Makhleb
Nemelex Xobeh
Okawaru
Qazlal
Ru
Sif Muna
Trog
Uskayaw
Vehumet
Wu Jian
Xom
Yredelemnul
Zin
The Shining One
Jiyva

Shops:
D:4 (   Orc:1 (   Orc:2 :*[(   Lair:2 *   Spider:1 [


Innate Abilities, Weirdness & Mutations

You are a living statue of rough stone.
Your actions are slow, but your melee attacks are powerful.
You are resistant to unholy torment.
Your maximum health is decreased, since you lack skill for your form.
You cannot wear most types of armour.
You are amphibious.
You can wear up to eight rings at the same time.
You are immune to poison.
Your skin changes colour to match your surroundings (Stealth+).
((Your rubbery body absorbs attacks. (AC +1, EV +1)))
((You are camouflaged when in or above water. (Stealth+)))
You have tentacles for arms and can constrict up to eight enemies at once.
Your system is resistant to poisons. (rPois)
Your natural rate of healing is unusually fast.


Message History

The stream of webbing hits you but does no damage.
You are even more entangled.
Press: ? - help, v - describe, . - travel
Here: Arachne, wielding a staff of alchemy (almost dead)
The floor.
Press: ? - help, v - describe, . - travel
Here: Arachne, wielding a staff of alchemy (almost dead)
The floor.
Casting: Irradiate (dangerous; 1% risk of failure)
Confirm with . or Enter, or press ? or * to list all spells.
Okay, then.
Okay, then. [a] - 464 gold - heal wounds, curing and magic [b] - 210 gold - haste [c] - 750 gold - resistance, haste and enlightenment Purchase which effect?
You feel much better.
You feel better. Magic courses through your body. The liquid fire burns you!
* * * LOW HITPOINT WARNING * * *
Arachne hits you but does no damage.
Arachne is distracted by your dazzling golden aura.
Casting: Irradiate (dangerous; 1% risk of failure)
Confirm with . or Enter, or press ? or * to list all spells.
Okay, then.
Casting: Irradiate (dangerous; 1% risk of failure)
Confirm with . or Enter, or press ? or * to list all spells.
You erupt in a fountain of uncontrolled magic!
Arachne is blasted with magical radiation!!
You kill Arachne!
You are lightly contaminated with residual magic.
The liquid fire burns you!
* * * LOW HITPOINT WARNING * * *
The web tears apart.
The liquid fire burns you!
* * * LOW HITPOINT WARNING * * *
Okay, then.
You feel better. The liquid fire burns you!
You die...
Your body crumbles into a pile of gold.

.(.#.^#####.....#.......
.....^#.#...####..#
###.###...#......#..## .
##^#....#...#.#..#.#.
#<..#.#####.###...).
.......#..##<..$.##.#y.#
..#^.##......$.##...# ..
. ##.(..#...#.$$^..##
##.#.##..##..8#.>#
.####.####..$.#... .# #
#...#.^... ###.#..#.#
### ....# ###. #


There were no monsters in sight!

Vanquished Creatures
  Arachne (Spider:2)
  Asterion (Spider:1)
  Frances (Spider:1)
  A ghost moth (Spider:1)
  An orc warlord (Orc:2)
  A reaper (IceCv)
  Nessos (Orc:2)
  A fire dragon (Lair:5)
  2 entropy weavers
  8 hydras
  4 catoblepae
  4 boulder beetles
  2 death knights (D:13)
  2 two-headed ogres
  4 orc high priests (Orc:2)
  3 demonic crawlers
  A skeletal warrior (D:13)
  Lodul (D:10)
  2 pharaoh ants (Spider:2)
  A sun moth (Spider:2)
  7 orb spiders
  2 bog bodies (Lair:2)
  5 orc knights (Orc:2)
  A steelbarb worm (Spider:2)
  2 lindwurms (Lair:5)
  3 orc sorcerers (Orc:2)
  12 wolf spiders
  An ugly thing (D:11)
  A cyclops (D:7)
  7 manticores
  6 meliai (Spider:1)
  17 elephants
  3 moths of wrath
  7 black mambas
  2 ice statues (IceCv)
  8 torpor snails
  3 unseen horrors
  17 cane toads
  A kobold demonologist (D:10)
  8 rime drakes
  An anaconda simulacrum (IceCv)
  10 komodo dragons
  5 ice devils (IceCv)
  5 trolls
  3 polar bears
  10 tarantellas
  7 hornets (Lair:5)
  A tarantella (shapeshifter) (D:13)
  4 tyrant leeches (Lair:5)
  26 blink frogs
  15 dream sheep
  12 jumping spiders
  6 slime creatures (D:13)
  A dire elephant simulacrum (IceCv)
  5 wyverns
  2 shadows
  5 wraiths
  9 culicivoras
  3 vampires
  32 yaks
  7 basilisks
  4 steam dragons
  A death yak simulacrum (IceCv)
  32 redbacks
  14 water moccasins
  A hydra simulacrum (IceCv)
  An ice beast (D:5)
  32 orc warriors
  3 black bears
  2 laughing skulls (D:13)
  14 ogres
  22 wolves
  10 centaurs
  5 kobold brigands
  10 bullfrogs
  A gnoll sergeant (D:7)
  2 scorpions (D:5)
  2 two-headed ogre simulacra (IceCv)
  4 wights (D:6)
  A cane toad simulacrum (IceCv)
  3 elephant simulacra (IceCv)
  4 killer bees (D:9)
  5 howler monkeys
  2 electric eels (Lair:2)
  3 jellies
  14 orc priests
  A gnoll bouda (D:8)
  30 orc wizards
  Ijyb (D:5)
  5 iguanas
  4 spriggan simulacra (IceCv)
  8 gnolls
  8 adders
  A shadow imp (D:7)
  5 white imps (IceCv)
  6 ufetubi
  67 orcs
  4 ball pythons
  3 bats (D:1)
  3 endoplasms
  4 giant cockroaches
  5 goblins
  2 hobgoblins (D:1)
  5 jackals (D:1)
  5 quokkas
  8 frilled lizards
  27 kobolds
  5 rats
  A spectral weapon (Spider:1)
724 creatures vanquished.

Vanquished Creatures (others)
  An orc wizard (Orc:1)
  21 fulminant prisms
22 creatures vanquished.

Grand Total: 746 creatures vanquished

Notes
Turn   | Place    | Note
-------+----------+-------------------------------------------
     0 | D:1      | Egg the Octopode Alchemist began the quest for the Orb.
     0 | D:1      | Reached XP level 1. HP: 11/11 MP: 3/3
   189 | D:1      | Reached XP level 2. HP: 17/17 MP: 5/5
   637 | D:1      | Reached XP level 3. HP: 20/21 MP: 6/6
   727 | D:1      | Found a faded altar of an unknown god.
  1010 | D:2      | Reached skill level 5 in Alchemy
  1352 | D:2      | Found a broken altar of Ashenzari.
  1599 | D:3      | Reached XP level 4. HP: 26/27 MP: 7/7
  1608 | D:3      | Learned a level 4 spell: Olgreb's Toxic Radiance
  1978 | D:4      | Noticed a kobold brigand
  1984 | D:4      | Killed a kobold brigand
  1985 | D:4      | Reached XP level 5. HP: 24/31 MP: 0/8
  2239 | D:4      | Noticed an ogre
  2245 | D:4      | Killed an ogre
  2246 | D:4      | Reached XP level 6. HP: 36/36 MP: 0/9
  2335 | D:4      | Noticed a water moccasin
  2344 | D:4      | Learned a level 4 spell: Sticky Flame
  2549 | D:4      | Killed a water moccasin
  2615 | D:4      | Found a burning altar of Makhleb.
  2678 | D:4      | Reached skill level 1 in Fire Magic
  2698 | D:4      | Reached skill level 2 in Fire Magic
  2763 | D:4      | Reached XP level 7. HP: 41/41 MP: 1/10
  2996 | D:4      | Found Hirroedd's Weapon Shoppe.
  3175 | D:5      | Entered Level 5 of the Dungeon
  3181 | D:5      | Noticed Ijyb
  3195 | D:5      | Reached skill level 3 in Fire Magic
  3285 | D:5      | Killed Ijyb
  3305 | D:5      | Reached skill level 4 in Fire Magic
  3374 | D:5      | Reached skill level 5 in Fire Magic
  3783 | D:5      | Reached XP level 8. HP: 46/46 MP: 0/11
  3912 | D:5      | Reached skill level 6 in Fire Magic
  4227 | D:5      | Reached skill level 7 in Fire Magic
  4550 | D:6      | Reached skill level 8 in Fire Magic
  4745 | D:6      | Reached XP level 9. HP: 51/51 MP: 0/15
  5127 | D:6      | Reached skill level 5 in Spellcasting
  5525 | D:7      | Noticed a cyclops
  5638 | D:7      | Killed a cyclops
  6027 | D:7      | Found a blossoming altar of Fedhas.
  6030 | D:7      | Found a shimmering altar of Xom.
  6034 | D:7      | Found a white marble altar of Elyvilon.
  6153 | D:7      | Found a staircase to the Ecumenical Temple.
  6162 | Temple   | Entered the Ecumenical Temple
  6181 | Temple   | Became a worshipper of Gozag Ym Sagoz the Greedy
  6655 | D:8      | Reached XP level 10. HP: 32/56 MP: 17/22
  6665 | D:8      | Identified a scroll of acquirement
  6671 | D:8      | Reached skill level 10 in Fire Magic
  6671 | D:8      | Reached XP level 11. HP: 40/61 MP: 20/26
  6863 | D:8      | Reached skill level 11 in Fire Magic
  7113 | D:8      | Learned a level 4 spell: Airstrike
  7945 | D:9      | Found a radiant altar of Vehumet.
  7990 | D:9      | Found a shimmering blue altar of Sif Muna.
  8213 | D:9      | Noticed a two-headed ogre
  8227 | D:9      | Killed a two-headed ogre
  8313 | D:9      | Reached skill level 1 in Air Magic
  8371 | D:9      | Found an iron altar of Okawaru.
  8570 | D:9      | Found a staircase to the Orcish Mines.
  8685 | D:9      | Acquired a book of Spontaneous Combustion
  8723 | D:10     | Entered Level 10 of the Dungeon
  8757 | Orc:1    | Entered Level 1 of the Orcish Mines
  9030 | Orc:1    | Learned a level 5 spell: Irradiate
  9215 | Orc:1    | Found Dixuyr's Weapon Shop.
  9256 | Orc:2    | Entered Level 2 of the Orcish Mines
  9300 | Orc:2    | Found a staircase to the Elven Halls.
  9503 | Orc:2    | Noticed an orc knight
  9515 | Orc:2    | Killed an orc knight
  9658 | Orc:2    | Reached skill level 5 in Conjurations
  9663 | Orc:2    | Noticed Nessos
  9933 | Orc:2    | Paralysed by Nessos for 2 turns
  9947 | Orc:2    | Killed Nessos
 10485 | Orc:2    | Noticed an orc sorcerer
 10489 | Orc:2    | Killed an orc sorcerer
 10490 | Orc:2    | Reached XP level 12. HP: 66/66 MP: 18/28
 10665 | Orc:2    | Noticed an orc high priest
 10673 | Orc:2    | Killed an orc high priest
 11100 | Orc:2    | Reached skill level 12 in Fire Magic
 11462 | Orc:2    | Noticed an orc high priest
 11470 | Orc:2    | Killed an orc high priest
 11490 | Orc:2    | Noticed an orc warlord
 11617 | Orc:2    | Killed an orc warlord
 11833 | Orc:2    | Noticed an orc high priest
 11843 | Orc:2    | Killed an orc high priest
 11844 | Orc:2    | Reached skill level 13 in Fire Magic
 11912 | Orc:2    | Noticed an orc high priest
 11923 | Orc:2    | Killed an orc high priest
 12084 | Orc:2    | Found Sohutt's Antique Armour Shoppe.
 12084 | Orc:2    | Found Roont's Antique Weapon Shoppe.
 12086 | Orc:2    | Found Zugry's General Store.
 12086 | Orc:2    | Found Jiluprul's Book Emporium.
 12092 | Orc:2    | Bought an encrusted long sword for 255 gold pieces
 12092 | Orc:2    | Identified the +7 long sword "Sufabes" {holy, Fly rElec}
                  | (You bought it in a shop on level 2 of the Orcish Mines)
 12101 | Orc:2    | Bought a scroll of revelation for 112 gold pieces
 12101 | Orc:2    | Bought a potion of heal wounds for 75 gold pieces
 12102 | Orc:2    | Bought a Fen Folio for 420 gold pieces
 13120 | D:10     | Reached skill level 14 in Fire Magic
 13304 | D:10     | Found a glowing silver altar of Zin.
 13371 | D:10     | Found the +8 trident of the Octopus King {venom, rElec
                  | rPois}
 13410 | D:10     | Found a staircase to the Lair.
 13673 | D:10     | Noticed Lodul
 13678 | D:10     | Reached XP level 13. HP: 65/71 MP: 16/29
 13684 | D:10     | Killed Lodul
 13873 | Lair:1   | Entered Level 1 of the Lair of Beasts
 14314 | Lair:1   | Reached skill level 15 in Fire Magic
 15573 | Lair:2   | Learned a level 8 spell: Ignition
 15586 | Lair:2   | Found a frozen archway.
 15653 | Lair:2   | Bought a potion of curing for 36 gold pieces
 15653 | Lair:2   | Bought a potion of haste for 120 gold pieces
 15653 | Lair:2   | Bought a scroll of enchant armour for 90 gold pieces
 15655 | IceCv    | Entered an ice cave
 16113 | IceCv    | Noticed a reaper
 16128 | IceCv    | Killed a reaper
 16829 | Lair:2   | Reached skill level 16 in Fire Magic
 17765 | Lair:2   | Reached XP level 14. HP: 65/76 MP: 17/31
 17815 | Lair:2   | Found a staircase to the Swamp.
 18076 | Lair:3   | Found a hole to the Spider Nest.
 18280 | Lair:3   | Reached skill level 1 in Fighting
 19386 | Lair:4   | Reached skill level 5 in Fighting
 19421 | Lair:4   | Gained mutation: Your natural rate of healing is unusually
                  | fast. [potion of mutation]
 19421 | Lair:4   | Gained mutation: Your system is resistant to poisons.
                  | (rPois) [potion of mutation]
 20346 | Lair:4   | Found a viscous altar of Jiyva.
 20347 | Lair:4   | Found a staircase to the Slime Pits.
 20632 | Lair:4   | You fall into a shaft and drop 1 floor!
 20632 | Lair:5   | Entered Level 5 of the Lair of Beasts
 21275 | Lair:5   | Reached skill level 1 in Polearms
 21830 | Lair:5   | Reached XP level 15. HP: 101/101 MP: 12/33
 22028 | Lair:5   | Reached skill level 5 in Polearms
 22833 | Lair:5   | Reached skill level 1 in Shapeshifting
 23876 | Lair:5   | Got the Codex of Metallic Substances
 23884 | Lair:5   | Learned a level 6 spell: Eringya's Noxious Bog
 23889 | Lair:5   | Learned a level 4 spell: Fulminant Prism
 24073 | Lair:5   | Reached skill level 5 in Shapeshifting
 27446 | Spider:1 | Entered Level 1 of the Spider Nest
 27451 | Spider:1 | Noticed Frances
 27469 | Spider:1 | Killed Frances
 27472 | Spider:1 | Reached XP level 16. HP: 108/108 MP: 15/34
 27694 | Spider:1 | Reached skill level 10 in Shapeshifting
 28066 | Spider:1 | Noticed Asterion
 28070 | Spider:1 | Noticed an Executioner
 28076 | Spider:1 | Killed Asterion
 29813 | Spider:2 | Noticed Arachne
 29840 | Spider:2 | HP: 2/92 [burnt (18)]
 29842 | Spider:2 | Killed Arachne
 29844 | Spider:2 | Incinerated by a sun moth

Illustrated notes

Levels and vault maps discovered:
D:1:      dpeg_arrival_simpleton_c, layout_loops_ring,
          shapermc_ecumenical_altar_hornbeckon,
          wander_ebering_terrifying_dragon_lair
D:2:      layout_loops_ring, basic_altar, chequers_serial_rivers_micro_b,
          kennysheep_generic_room_14
D:3:      layout_rooms
D:4:      layout_basic, kennysheep_mini_moat, serial_shops, shop,
          kennysheep_big_empty_room, nicolae_hexahallways
D:5:      layout_loops_ring, uniq_ijyb
D:6:      layout_cave_pools, serial_column_ruins, column_ruins_square_small,
          column_ruins_open_small, column_ruins_corridor_straight,
          column_ruins_open_tiny, column_ruins_open_small_water,
          chequers_serial_rivers_room_b
D:7:      minmay_chambers_of_sixes, layout_basic, grunt_temple_overflow_diamond,
          temple_hall, nicolae_tricolors
D:8:      layout_basic, enter_bailey_2, minmay_lizard_king
D:9:      layout_basic, mainiacjoe_overflow_small_starburst, okawaru_gym_becter,
          lemuel_round_altar, orc_0_dummy, serial_aquarium,
          aquarium_bridge_square [aquarium_subvault_bridge,
          aquarium_subvault_window, aquarium_subvault_wall,
          aquarium_subvault_bridge], aquarium_window_3, aquarium_window_1,
          aquarium_view_2g, aquarium_pool_four
D:10:     layout_roguey, mainiacjoe_overflow_catwalk, lair_entry_dummy,
          chequers_serial_rivers_large_b, kennysheep_small_square, uniq_lodul
D:11:     layout_roguey
D:12:     nzn_motion_control, layout_irregular_city
D:13:     cheibrodos_tormentor_scu, layout_basic, david_vaults_2,
          corexii_corridor_pit
Temple:   eino_temple_water
Lair:1:   layout_cave_shapes
Lair:2:   layout_hall_layers, nicolae_swamp_entry_splash_gauntlet,
          portal_ice_cave_entry_pillars_1
Lair:3:   layout_cave_pods, spider_nest_entry_web_field,
          nicolae_lair_run_with_the_wolves
Lair:4:   layout_loops_ring, slime_entry_1, beast_lair_carwin_5,
          infiniplex_staircase_pool, grunt_megastairs_4
Lair:5:   hangedman_lair_in_review, layout_layer_cave, wormcave,
          lemuel_fruit_tree
Spider:1: layout_spider_delve, uniq_asterion, uniq_frances
Spider:2: layout_spider_delve, uniq_arachne
Orc:1:    layout_diamond_mine, serial_shops, nicolae_shop_real_fake_doors,
          minmay_orc_keep
Orc:2:    st_orc_congregation, layout_diamond_mine, uniq_nessos

Skill      XL: |  1  2  3  4  5  6  7  8  9 10 11 12 13 14 15 16 |
---------------+-------------------------------------------------+-----
Alchemy        | 4 5 6 7 8 |  8.0
Fire Magic     | 2 5 8 10 11 14 16 | 16.0
Spellcasting   | 4 8 11 12 13 14 | 14.0
Air Magic      | 2 |  2.0
Conjurations   | 7 8 |  8.0
Fighting       | 9 |  9.0
Polearms       | 4 7 |  7.0
Shapeshifting  | 9 12 | 12.8
Dodging        | |  2.0
Stealth        | |  2.6

Action                     |  1- 3 |  4- 6 |  7- 9 | 10-12 | 13-15 | 16-18 || total
---------------------------+-------+-------+-------+-------+-------+-------++-------
  Melee: Trident           |    47 |       |    18 |   149 |   330 |    62 ||   606
         Constrict         |    15 |    10 |    20 |    36 |    49 |    24 ||   154
         Tentacles         |     8 |     6 |    29 |    69 |    91 |    31 ||   234
         Dagger            |    11 |    37 |    42 |       |       |       ||    90
         Punch             |       |     1 |     1 |     2 |     8 |     2 ||    14
         Flail             |       |       |    10 |       |       |       ||    10
         Hand axe          |       |       |    28 |       |       |       ||    28
   Cast: Sting             |     9 |     4 |    13 |     1 |       |       ||    27
         Olgreb's Toxic Ra |       |     8 |    36 |   152 |   158 |    50 ||   404
         Sticky Flame      |       |     1 |    10 |    11 |    54 |    11 ||    87
         Irradiate         |       |       |       |    12 |    18 |     3 ||    33
         Airstrike         |       |       |       |     5 |    77 |     4 ||    86
         Ignition          |       |       |       |       |    31 |    20 ||    51
         Fulminant Prism   |       |       |       |       |    19 |     2 ||    21
         Eringya's Noxious |       |       |       |       |     2 |       ||     2
 Invoke: Call Merchant     |       |       |       |       |     1 |     1 ||     2
         Potion Petition   |       |       |       |       |     1 |     1 ||     2
    Use: Potion            |       |       |     4 |     5 |    13 |     4 ||    26
         Scroll            |       |       |       |    13 |     9 |       ||    22
   Stab: Sleeping          |    12 |     6 |     8 |     1 |     1 |       ||    28
         Distracted        |       |     1 |       |     1 |     4 |       ||     6
 Armour: Skin              |    27 |    10 |    71 |   101 |   223 |   126 ||   558
  Dodge: Dodged            |    47 |    22 |    98 |   164 |   278 |    98 ||   707
  Block: Other             |       |       |       |       |    82 |    28 ||   110
         Reflection        |       |       |       |       |     3 |       ||     3
   Form: Statue            |       |       |       |       |     1 |     1 ||     2
                           |       |       |       |       |     1 |       ||     1
